AoeStats
← Eby

Arena

508494698Analyzed
1v1 RM · 9d ago on Sep 22, 2026· 41m 2s· 2 players
Game mode
Random Map
Map size
Tiny (2 player)
Population
200
Speed
Normal
Resources
Standard
Victory
Conquest
Starting age
Dark Age
Ending age
Imperial Age
RankedLock teamsTeams togetherTeam positionsShared explorationLock speedFull tech treeHidden civsTurbo modeCheats
Victory
Defeat
🇮🇳 Khmer · India
1393
+15
🇵🇹 Huns · Portugal
1370
-15
Carteiro Paulo
11:35 Feudal Age
12:54 Double-Bit Axe
16:00 Castle Age
13:46 Horse Collar
17:07 Bow Saw
23:00 Loom
23:34 Gold Mining
24:29 Wheelbarrow
24:44 Heavy Plow
24:51 Stone Mining
26:39 Gold Shaft Mining
29:30 Imperial Age
27:29 Scale Barding Armor
27:15 Town Watch
27:40 Husbandry
28:10 Town Patrol
28:27 Hand Cart
28:27 Fletching
28:57 Chain Barding Armor
28:52 Bloodlines
29:35 Forging
30:57 Plate Barding Armor
31:27 Chemistry
30:48 Ballistics
30:54 Conscription
30:56 Atheism
30:11 Cavalier
33:12 Iron Casting
32:19 Paladin
34:56 Blast Furnace
34:47 Parthian Tactics
34:22 Bodkin Arrow
35:28 Thumb Ring
35:03 Heavy Cavalry Archer
35:45 Padded Archer Armor
36:54 Padded Archer Armor
37:03 Bracer
38:40 Leather Archer Armor
Eby
11:05 Feudal Age
11:52 Double-Bit Axe
11:49 Horse Collar
14:35 Castle Age
14:53 Wheelbarrow
15:32 Light Cavalry
22:12 Bow Saw
22:51 Heavy Plow
25:21 Hand Cart
25:10 Town Watch
25:17 Loom
28:59 Imperial Age
26:51 Town Patrol
27:36 Pikeman
28:01 Arson
29:37 Halberdier
31:14 Scale Mail Armor
33:07 Chain Mail Armor
33:13 Forging
35:13 Iron Casting
35:59 Conscription
35:27 Heavy Scorpion
37:03 Siege Engineers
40:48 Ballistics
Connection lost

Rejoining the realm…

Still unreachable

The connection could not be restored.

Session expired

The server has moved on; the page needs a fresh start.